 Dungeon Crawl Stone Soup version 0.17.1-3-g152610e (webtiles) character file.

1243 ololoev the Chopper (level 8, -5/63 HPs)
             Began as a Demonspawn Fighter on Feb 17, 2016.
             Slain by an orc warrior
             ... wielding a +0 war axe
              (10 damage)
             ... on level 6 of the Dungeon.
             The game lasted 00:10:42 (1552 turns).

ololoev the Chopper (Demonspawn Fighter)            Turns: 1552, Time: 00:10:42

Health: -5/63      AC: 14    Str: 20    XL:     8   Next: 25%
Magic:  0/8        EV:  7    Int:  9    God:
Gold:   45         SH:  0    Dex: 11    Spells: 0 memorised, 7 levels left

rFire  + + .     SeeInvis .     b - +7 great mace "Firestarter" {inner flame, rF++}
rCold  . . .     Clarity  .     o - +0 chain mail
rNeg   . . .     SustAt   .     (shield currently unavailable)
rPois  +         Gourm    .     (helmet restricted)
rElec  .         Spirit   +     (no cloak)
rCorr  .         Warding  .     (no gloves)
rMut   .         Stasis   .     (no boots)
MR     .....                    (no amulet)
Stlth  ..........               (no ring)
                                (no ring)

@: lethally poisoned (-5 -> -5), not resistant to hostile enchantments,
extremely unstealthy
A: antennae 1, rough black scales 1, poison resistance, robust 1, screaming 1,
magic shield, magic regeneration
a: no special abilities


Innate Abilities, Weirdness & Mutations

You have a pair of small antennae on your head.
You are partially covered in rough black scales (AC +4, Dex -1).
When hurt, damage is shared between your health and your magic reserves.
You regenerate magic rapidly.
Your system is resistant to poisons.
You are robust (+10% HP).
You occasionally shout uncontrollably at your foes.

Inventory:

Hand Weapons
 a - a +0 war axe
 b - the +7 great mace "Firestarter" (weapon) {inner flame, rF++}
   (You took it off an orc on level 4 of the Dungeon)

   It has been specially enchanted to burn those struck by it, causing extra
   injury to most foes and up to half again as much damage against particularly
   susceptible opponents.
   It greatly protects you from fire.
Armour
 o - a +0 chain mail (worn)
Wands
 i - a wand of slowing (2)
Scrolls
 f - a scroll of enchant armour {unknown}
 k - a scroll of immolation {unknown}
 l - 3 scrolls of identify {unknown}
 p - a scroll of amnesia {unknown}
 q - a scroll of teleportation {unknown}
Potions
 c - a potion of lignification {unknown}
 g - 4 potions of flight
 h - a potion of mutation
 j - 2 potions of brilliance
 m - a potion of curing {unknown}
 r - a potion of haste {unknown}
Comestibles
 d - 3 chunks of flesh
 e - 3 bread rations


   Skills:
 - Level 3.0 Fighting
 - Level 7.1(7.8) Axes
 * Level 4.7(6.6) Maces & Flails
 + Level 6.5 Armour
   Level 2.6 Shields


You had 7 spell levels left.
You didn't know any spells.


You were on level 6 of the Dungeon.
You were not hungry.

You visited 1 branch of the dungeon, and saw 6 of its levels.
You also visited: Sewer.

You collected 45 gold pieces.

##### ##...##
##.....##
#o@o....# ###
#.o))...# ##..#
#..)))..#
#....###..)..##
#.............#
#.....o.......#
#...#'#.......#
##..'o'......##
......#'#........

Notes
Turn   | Place    | Note
--------------------------------------------------------------
     0 | D:1      | ololoev the Demonspawn Fighter began the quest for the Orb.
     0 | D:1      | Reached XP level 1. HP: 18/18 MP: 1/1
   193 | D:3      | Noticed BLOAX's ghost (weakling MiMo)
   209 | D:3      | Reached skill level 5 in Axes
   209 | D:3      | Gained mutation: You are partially covered in rough black scales (AC +4, Dex -1). [demonic ancestry]
   209 | D:3      | Reached XP level 2. HP: 17/24 MP: 2/2
   219 | D:3      | Killed BLOAX's ghost
   219 | D:3      | Reached skill level 6 in Axes
   219 | D:3      | Gained mutation: When hurt, damage is shared between your health and your magic reserves. [demonic ancestry]
   219 | D:3      | Reached XP level 3. HP: 2/29 MP: 3/3
   331 | D:3      | Noticed Ijyb
   356 | D:3      | Killed Ijyb
   356 | D:3      | Reached XP level 4. HP: 15/35 MP: 4/4
   378 | D:3      | Found a glowing drain.
   403 | Sewer    | Entered a sewer
   570 | Sewer    | Gained mutation: You have a pair of small antennae on your head. [demonic ancestry]
   570 | Sewer    | Reached XP level 5. HP: 31/41 MP: 5/5
   617 | Sewer    | Noticed a big kobold
   630 | Sewer    | Killed a big kobold
   630 | Sewer    | Reached skill level 5 in Armour
   727 | Sewer    | Reached XP level 6. HP: 41/47 MP: 6/6
   912 | D:4      | Noticed Blork the orc
   933 | D:4      | Killed Blork the orc
  1016 | D:4      | Reached skill level 7 in Axes
  1110 | D:4      | Reached skill level 1 in Maces & Flails
  1110 | D:4      | Gained mutation: You regenerate magic rapidly. [demonic ancestry]
  1110 | D:4      | Reached XP level 7. HP: 46/52 MP: 7/7
  1207 | D:4      | Noticed Crazy Yiuf
  1213 | D:4      | Killed Crazy Yiuf
  1299 | D:4      | Noticed Natasha
  1304 | D:4      | Killed Natasha
  1349 | D:5      | Entered Level 5 of the Dungeon
  1355 | D:5      | Noticed Menkaure
  1368 | D:5      | Killed Menkaure
  1372 | D:5      | Gained mutation: Your system is resistant to poisons. [potion of mutation]
  1372 | D:5      | Gained mutation: You are robust (+10% HP). [potion of mutation]
  1372 | D:5      | Gained mutation: You occasionally shout uncontrollably at your foes. [potion of mutation]
  1441 | D:5      | Noticed Prince Ribbit
  1451 | D:5      | Killed Prince Ribbit
  1451 | D:5      | Reached XP level 8. HP: 29/63 MP: 6/8
  1477 | D:5      | Got a dazzling leather armour
  1488 | D:5      | Identified the +0 leather armour "Waiwnoz" {+Blink Str+2} (You found it on level 5 of the Dungeon)
  1528 | D:6      | Found Dalurgh's Antique Armour Shop.
  1552 | D:6      | Slain by an orc warrior

Dungeon Overview and Level Annotations

Branches:
Dungeon (6/15)
 Temple: D:4-7

Altars:

Shops:
D:6 [


Message History

The orc hits you but does no damage.
Unknown command.
Your chain mail prevents you from hitting the orc.
The orc warrior hits you but does no damage.
The orc hits you but does no damage.
The orc warrior hits you but does no damage.
Unknown command.
You barely miss the orc.
You feel sick. The orc hits you but does no damage.
The orc warrior hits you with a war axe!
Unknown command.
You hit the orc. You burn the orc.
The orc is filled with an inner flame.
The orc is severely wounded.
The orc hits you but does no damage. x2
The orc warrior barely misses you. The orc hits you but does no damage.
The orc warrior hits you with a war axe.
You feel sick. The orc hits you but does no damage.
There is a stone staircase leading up here.
You closely miss the orc.
The orc is severely wounded.
The orc's inner flame fades away.
The orc hits you but does no damage. The orc hits you but does no damage.
You barely miss the orc.
The orc is severely wounded.
The orc barely misses you.
The orc warrior hits you with a war axe.
The orc closely misses you.
Unknown command.
You hit the orc but do no damage.
The orc is severely wounded.
You feel sick. The orc hits you but does no damage.
The orc hits you but does no damage.
The orc warrior hits you with a war axe.
The orc hits you but does no damage.
Unknown command.
You thump the orc! You burn the orc.
You kill the orc!
The orc hits you but does no damage.
The orc warrior hits you with a war axe!
You die...

You could see an orc warrior and 2 orcs.

Vanquished Creatures
  Prince Ribbit (D:5)
  Menkaure (D:5)
  A black bear (D:4)
  Blork the orc (D:4)
  A big kobold (Sewer)
  The ghost of BLOAX the Ruffian, a weakling MiMo (D:3)
  A quasit (D:5)
  2 crimson imps
  2 orc priests
  Crazy Yiuf (D:4)
  Ijyb (D:3)
  2 orc wizards (D:4)
  A hound (D:5)
  Natasha (D:4)
  4 worker ants (D:4)
  2 hound skeletons (D:4)
  6 river rats (Sewer)
  6 adders
  An ooze (Sewer)
  6 giant geckos
  10 orcs
  4 ball pythons (Sewer)
  A bat (D:3)
  2 giant cockroaches (D:3)
  3 giant newts
  2 goblins (D:3)
  15 kobolds (Sewer)
  A quokka zombie (D:3)
  19 rats
99 creatures vanquished.

Action                   |  1- 3 |  4- 6 |  7- 9 || total
-------------------------+-------+-------+-------++-------
Melee: War axe           |    33 |   166 |    10 ||   209
       Great mace        |       |       |    42 ||    42
Evoke: Wand              |     2 |     7 |     3 ||    12
  Use: Potion            |     2 |     5 |     5 ||    12
  Eat: Chunk             |       |     1 |     2 ||     3

Vault maps used:
D:1:      nicolae_arrival_somewhat_less_tricky_arrival
D:2:      tgw_trog, uniq_robin
D:3:      portal_sewer_entry_f, uniq_iyjb, uniq_grinder
D:4:      kennysheep_little_box, uniq_crazy_yiuf_cottage, uniq_natasha,
          uniq_blork_the_orc
D:5:      kennysheep_mini, first_bread, serial_bayou_lake_a,
          uniq_prince_ribbit1, uniq_menkaure
D:6:      vehumet_altar_wand_db, evilmike_ruin_ashenzari, led_sif_book,
          serial_shops, kennysheep_mini_moat
Sewer:    sewer_minmay_treatment
